Map: Acid Plant LE

Players

ShaDoWn - Winner!

  • Race: Protoss Protoss
  • Spawn Location: 5:00

Rhizer

  • Race: Protoss Protoss
  • Spawn Location: 11:00

Event: WCS Montreal 2018

VOD

Have the link to the VOD?

Description

Time

  • Played on: Sept. 7, 2018, 3:42 p.m.
  • Length: 7:10

All games in this series

Show
View Real Time Build Order
Export as new Build Order

ShaDoWn Protoss - Winner!

Build Orders:  

Get SALT Encoding   

  12  0:00  Probe  
  13  0:12  Probe  
  14  0:17  Pylon  
  14  0:24  Probe  
  15  0:32  Probe  
  15  0:38  Gateway  
  15  0:40  Probe  
  16  0:49  Assimilator  
  17  0:51  Probe  
  17  0:56  Assimilator  
  18  1:03  Probe  
  19  1:15  Probe  
  19  1:17  Gateway  
  20  1:27  Probe, Cybernetics Core  
  21  1:35  Pylon  
  22  1:40  Probe  
  22  1:46  Warp Gate  
  22  1:52  Probe  
  23  2:04  Adept x2, Probe  
  28  2:14  Pylon  
  28  2:31  Stalker x2  
  32  2:49  Nexus  
  32  3:00  Stalker  
  34  3:08  Shield Battery  
  34  3:18  Robotics Facility  
  34  3:28  Probe  
  33  3:34  Gateway  
  33  3:44  Probe  
  34  3:49  Sentry x2  
  34  3:53  Shield Battery  
  34  3:55  Immortal  
  38  3:56  Shield Battery  
  42  4:14  Probe  
  42  4:16  Probe  
  44  4:20  Stalker  
  44  4:21  Stalker  
  48  4:25  Warp Prism  
  48  4:26  Probe  
  51  4:40  Pylon  
  42  4:53  Sentry x2  
  45  5:01  Stalker  
  45  5:05  Probe x2  
  47  5:21  Probe  
  47  5:25  Zealot  
  47  5:26  Zealot x2  
  54  5:35  Probe  
  45  5:51  Probe  
  45  5:53  Zealot x3  
  44  6:07  Probe  
  43  6:12  Probe  
  43  6:15  Zealot x3  
  49  6:20  Probe  
  49  6:22  Probe  
  50  6:28  Probe  
  50  6:30  Probe  
  52  6:36  Probe  
  52  6:38  Probe  
  53  6:44  Probe  
  55  6:48  Zealot x2  
  55  7:05  Zealot  
  55  7:08  Zealot x2  
Show
View Real Time Build Order
Export as new Build Order

Rhizer Protoss 

Build Orders: Oracle Opening 

Get SALT Encoding   

  12  0:00  Probe  
  13  0:12  Probe  
  14  0:17  Pylon  
  14  0:24  Probe  
  15  0:32  Probe  
  15  0:38  Gateway  
  15  0:40  Probe  
  16  0:46  Assimilator  
  17  0:51  Probe  
  18  0:57  Assimilator  
  18  1:02  Probe  
  19  1:10  Gateway  
  19  1:11  Probe  
  20  1:19  Probe  
  21  1:28  Cybernetics Core  
  21  1:31  Probe  
  22  1:39  Pylon  
  22  1:43  Probe  
  23  1:56  Warp Gate  
  23  1:57  Probe  
  24  2:05  Stalker x2  
  28  2:18  Pylon  
  28  2:32  Pylon  
  28  2:35  Stalker  
  28  2:36  Stalker  
  32  2:50  Stargate  
  32  3:05  Stalker, Shield Battery  
  34  3:08  Stalker  
  36  3:23  Oracle  
  38  3:39  Nexus  
  38  3:47  Shield Battery  
  38  3:54  Oracle  
  42  4:05  Adept  
  41  4:20  Probe  
  42  4:30  Robotics Facility  
  42  4:32  Probe  
  43  4:44  Probe  
  44  4:56  Probe  
  44  4:58  Probe  
  46  5:07  Sentry x2, Forge  
  46  5:08  Immortal  
  46  5:13  Shield Battery  
  50  5:15  Shield Battery  
  50  5:17  Shield Battery  
  54  5:31  Sentry  
  54  5:32  Zealot  
  58  5:37  Pylon  
  56  5:44  Immortal  
  54  5:54  Adept  
  60  6:01  Adept  
  42  6:16  Adept  
  38  6:20  Gateway  
  38  6:22  Sentry  
  40  6:31  Shield Battery  
  43  6:50  Pylon  
  37  7:03  Zealot x2  
Tags
 
Add a new tag
Caveats
  • Supply blocks, unpowered buildings, or Contaminate may cause inaccurate times.
  • Supply counts are checked every 10 seconds.